 Dungeon Crawl Stone Soup version 0.32-a0-42-ga30500b4d3 (webtiles) character file.

Game seed: 2277545531480151233

296 lunkers the Cudgeller (level 6, -8/59 HPs)
             Began as an Oni Wanderer on Feb 1, 2024.
             Mangled by a gnoll
             ... wielding a +0 halberd
              (11 damage)
             ... on level 4 of the Dungeon.
             The game lasted 00:04:03 (2873 turns).

lunkers the Cudgeller (Oni Wanderer)                Turns: 2873, Time: 00:04:03

Health: -8/59      AC:  4    Str: 17    XL:     6   Next: 35%
Magic:  7/7        EV:  9    Int: 13    God:
Gold:   192        SH:  0    Dex: 10    Spells: 6/7 levels left

rFire   . . .        f - +2 flail (heavy)
rCold   . . .        (no shield)
rNeg    . . .        d - +0 robe
rPois   .            (helmet restricted)
rElec   .            b - +0 cloak
rCorr   .            (gloves unavailable)
SInv    .            (boots unavailable)
Will    .....        (no amulet)
Stlth   +            (no ring)
HPRegen 0.29/turn    (no ring)
MPRegen 0.10/turn

%: no passive effects
@: no status effects
A: large, unfitting armour, horns 1, tough skin 1, double potion healing,
drunken brawling
a: no special abilities


You were on level 4 of the Dungeon.
You visited 1 branch of the dungeon, and saw 4 of its levels.

You collected 192 gold pieces.

Inventory:

Hand Weapons
 a - a +2 sling
 f - a +2 heavy flail (weapon)
Missiles
 k - 10 poisoned darts
 m - 10 boomerangs
 t - 14 stones
 y - a throwing net
Armour
 b - a +0 cloak (worn)
 d - a +0 robe (worn)
Jewellery
 n - a +5 ring of evasion
Wands
 o - a wand of flame (11)
Scrolls
 e - 6 scrolls of identify {unknown}
 h - a scroll of enchant armour {unknown}
 l - a scroll of teleportation {unknown}
 s - 2 scrolls of blinking {unknown}
 u - 2 scrolls of noise {unknown}
 v - 2 scrolls of vulnerability {unknown}
 w - a scroll of silence {unknown}
 x - a scroll of fear {unknown}
Potions
 c - 4 potions of curing
 g - 2 potions of heal wounds {unknown}
 i - 2 potions of haste {unknown}
 j - a potion of might {unknown}
 p - 2 potions of berserk rage {unknown}
 q - 2 potions of mutation {unknown}
 r - a potion of enlightenment {unknown}


   Skills:
 - Level 2.8 Fighting
 + Level 5.5 Maces & Flails
 - Level 2.9 Ranged Weapons
 - Level 1.7 Dodging
 - Level 1.2 Spellcasting
 - Level 1.0 Conjurations
 - Level 2.1 Invocations


You had 6 spell levels left.
You knew the following spells:

 Your Spells              Type           Power      Damage    Failure   Level
p - Kiss of Death         Conj/Necr      8%         2d6       22%         1

Your spell library contained the following spells:

 Spells                   Type           Power      Damage    Failure   Level
 Hailstorm                Conj/Ice       2%         3d5       56%         3


Dungeon Overview and Level Annotations

Branches:
Dungeon (4/15)
 Temple: D:4-7

Altars:

Shops:
D:1 [


Innate Abilities, Weirdness & Mutations

You are too large for most types of armour.
You have a pair of small horns on your head.
You have tough skin. (AC +1)
You gain doubled healing and magic from potions.
Whenever you drink a healing potion, you attack all around you.


Message History

The iguana bites you!
An iguana is nearby!
You bludgeon the iguana!!
You kill the iguana!
No target in view!
Found a ring mail.
No target in view!
You now have 192 gold pieces (gained 17).
Found a maw talisman.
No target in view!
You see here a maw talisman.
Found a stone staircase leading down.
No target in view!
A gnoll comes into view. It is wielding a +0 halberd.
A gnoll is nearby! 3 gnolls come into view.
The gnoll shouts! x4
The gnoll hits you from afar with a +0 halberd!
You thump the gnoll!
You kill the gnoll!
The gnoll hits you from afar with a +0 spear. x2
The gnoll hits you from afar with a +0 halberd.
You barely miss the gnoll.
The gnoll hits you from afar with a +0 spear.
The gnoll hits you with a +0 flail.
* * * LOW HITPOINT WARNING * * *
The gnoll hits you from afar with a +0 halberd!
* * * LOW HITPOINT WARNING * * *
You barely miss the gnoll.
The gnoll hits you from afar with a +0 spear.
* * * LOW HITPOINT WARNING * * *
The gnoll hits you with a +0 flail!
* * * LOW HITPOINT WARNING * * *
The gnoll hits you from afar with a +0 halberd.
* * * LOW HITPOINT WARNING * * *
The gnoll hits you from afar with a +0 spear.
* * * LOW HITPOINT WARNING * * *
The gnoll barely misses you.
The gnoll hits you from afar with a +0 halberd!
You die...

...### ##.#####.#.#
.......
#........#.#.....###
#.....#..#.#..#.#
###....#........... .
.........#$... #.##.#
#.#.......# #.##.#
#..##..#.....# #.##.#
.....g.@.....## #.##.#
....#g.g.##...#####.##.#
. #.....#>#.........#.#
........##.#.#####..#.#
#.....######.## #..#.#
.#.... ########.....
...... .........##..
###### .#######.##..
#.#...


You could see 3 gnolls.

Vanquished Creatures
  A bombardier beetle (D:4)
  Jessica (D:3)
  An iguana (D:4)
  4 orc wizards
  An adder (D:2)
  2 gnolls
  2 ribbon worms
  6 orcs
  6 ball pythons
  2 bats (D:2)
  9 endoplasms
  A giant cockroach (D:4)
  7 goblins (D:2)
  8 hobgoblins
  7 jackals
  2 quokkas (D:2)
  3 frilled lizards
  5 kobolds
  3 rats
71 creatures vanquished.

Notes
Turn   | Place    | Note
-------+----------+-------------------------------------------
     0 | D:1      | lunkers the Oni Wanderer began the quest for the Orb.
     0 | D:1      | lunkers set off with the following items: a +2 sling, a +0
                  | cloak, a potion of curing, a +0 robe; and the following
                  | spell memorised: Kiss of Death; and the following spells
                  | available to memorise: Hailstorm.
     0 | D:1      | Reached XP level 1. HP: 16/16 MP: 2/2
   123 | D:1      | Reached skill level 1 in Fighting
   174 | D:1      | Reached XP level 2. HP: 11/29 MP: 3/3
   313 | D:1      | Found Daof's Armour Shop.
   864 | D:2      | Reached skill level 1 in Maces & Flails
   880 | D:2      | Reached XP level 3. HP: 36/36 MP: 4/4
  1133 | D:2      | Reached skill level 2 in Maces & Flails
  1351 | D:2      | Reached XP level 4. HP: 35/44 MP: 5/5
  1429 | D:2      | Found a faded altar of an unknown god.
  1693 | D:3      | Noticed Jessica
  1702 | D:3      | Reached skill level 3 in Maces & Flails
  1702 | D:3      | Killed Jessica
  1703 | D:3      | Reached XP level 5. HP: 9/52 MP: 6/6
  1766 | D:3      | Reached skill level 4 in Maces & Flails
  2590 | D:4      | Reached skill level 5 in Maces & Flails
  2590 | D:4      | Reached XP level 6. HP: 54/59 MP: 7/7
  2873 | D:4      | Mangled by a gnoll

Illustrated notes

Levels and vault maps discovered:
D:1:      dpeg_arrival_short_road, layout_loops_ring, serial_shops, shop,
          nicolae_figureground_pulse
D:2:      cheibrodos_greedy_goblins, layout_basic,
          hellmonk_ecumenical_altar_dog_temple, minmay_goblin_kobold_house
D:3:      layout_rooms, uniq_jessica
D:4:      layout_loops_ring, hangedman_abyss_or_decor_lesser_grid,
          minmay_quadrilaterals

Skill      XL: |  1  2  3  4  5 |
---------------+----------------+-----
Fighting       | 2 |  2.8
Maces & Flails | 1 2 3 5 |  5.5
Ranged Weapons | |  2.9
Dodging        | |  1.7
Spellcasting   | |  1.2
Conjurations   | |  1.0
Invocations    | |  2.1

Action                     |  1- 3 |  4- 6 || total
---------------------------+-------+-------++-------
  Melee: Flail             |    50 |    82 ||   132
         Headbutt          |     4 |     8 ||    12
         Punch             |     1 |       ||     1
   Fire: Sling             |    16 |       ||    16
   Stab: Sleeping          |     2 |     2 ||     4
 Armour: Robe              |    47 |   103 ||   150
  Dodge: Dodged            |    45 |    75 ||   120

Table legend: (Time is in decaauts)
 A = Elapsed time spent in this place.
 B = Non-inter-level travel time spent in this place.
 C = Inter-level travel time spent in this place.
 D = Time resting spent in this place.
 E = Time spent auto-exploring this place.
 F = Levels seen in this place.
 G = Mean time per level.
                   A        B        C        D        E       F      G
               +--------+--------+--------+--------+--------+-----+--------+
         Total |   2990 |   2938 |     52 |      0 |   2469 |   4 |  747.5 |
       Dungeon |   2990 |   2938 |     52 |      0 |   2469 |   4 |  747.5 |
               +--------+--------+--------+--------+--------+-----+--------+

Top non-repeatable levels by time:
     D:2: 980 daAuts
     D:1: 777 daAuts
     D:3: 749 daAuts
     D:4: 482 daAuts
